 Dungeon Crawl Stone Soup version 0.30.1-9-gdf580d7c3d (webtiles) character file.

Game seed: 3114913227137966137

2787 lonewolfV2 the Ducker (level 9, -4/69 HPs)
             Began as a Demonspawn Fighter on Oct 25, 2023.
             Was an Initiate of Sif Muna.
             Shot with an arrow by a centaur (7 damage)
             ... on level 6 of the Dungeon.
             The game lasted 00:12:56 (9148 turns).

lonewolfV2 the Ducker (Demonspawn Fighter)          Turns: 9148, Time: 00:12:57

Health: -4/69      AC: 11    Str: 19    XL:     9   Next: 43%
Magic:  17/17      EV: 10    Int: 17    God:    Sif Muna [......]
Gold:   1157       SH:  4    Dex: 13    Spells: 19/19 levels left

rFire   . . .        a - +1 war axe
rCold   . . .        c - +0 buckler
rNeg    . . .        g - +0 chain mail
rPois   .            (helmet restricted)
rElec   .            f - +0 cloak
rCorr   .            (no gloves)
SInv    .            (no boots)
Will    .....        (no amulet) Stlth
                     (no ring)
HPRegen 0.31/turn    (no ring)
MPRegen 0.15/turn

%: wizardry (x1)
@: no status effects
A: horns 2, big brain 3, demonic magic 2
a: Renounce Religion


You were on level 6 of the Dungeon.
You worshipped Sif Muna.
Sif Muna was noncommittal.
You visited 2 branches of the dungeon, and saw 7 of its levels.

You collected 1157 gold pieces.

Inventory:

Hand Weapons
 a - a +1 war axe (weapon)
Armour
 b - a +0 scale mail
 c - a +0 buckler (worn)
 f - a +0 cloak (worn)
 g - a +0 chain mail (worn)
 p - a +0 robe
Wands
 t - a wand of iceblast (9)
Scrolls
 h - a scroll of magic mapping
 i - a scroll of brand weapon {unknown}
 j - a scroll of identify
 l - 2 scrolls of enchant weapon
 m - a scroll of blinking {unknown}
 o - a scroll of enchant armour {unknown}
 q - a scroll of immolation {unknown}
 u - a scroll of poison {unknown}
Potions
 k - a potion of flight {unknown}


   Skills:
 + Level 6.3 Fighting
 - Level 1.7 Axes
 + Level 6.0 Armour
 * Level 7.2 Dodging
 - Level 2.6 Shields
 * Level 5.7 Spellcasting


You had 19 spell levels left.
You didn't know any spells.
Your spell library contained the following spells:

 Spells                   Type           Power      Damage    Failure   Level
 Apportation              Tloc           8%         N/A       43%         1
 Beastly Appendage        Tmut           8%         N/A       43%         1
 Wereblood                Tmut           4%         N/A       56%         2
 Spider Form              Tmut/Pois      4%         N/A       78%         3
 Alistair's Intoxication  Tmut/Pois      2%         N/A       100%        5


Dungeon Overview and Level Annotations

Branches:
Dungeon (6/15)             Temple (1/1) D:4

Altars:
Ashenzari
Cheibriados
Dithmenos
Hepliaklqana
Makhleb
Nemelex Xobeh
Okawaru
Ru
Sif Muna
Trog
Uskayaw
Xom
Yredelemnul


Innate Abilities, Weirdness & Mutations

You have a pair of horns on your head.
You have an absolutely massive brain. (Int +6, Wiz)
Spells you cast may paralyse nearby enemies.


Message History

Aiming: Quicksilver Bolt
Press: ? - help, Q - select action, (/) - cycle Shift-Dir - straight line, f/p - phantom
Aim: a phantom (moderately damaged, 60% to hit)
The bolt of dispelling energy hits the ufetubus!
You kill the ufetubus!
Sif Muna accepts your kill.
The bolt of dispelling energy hits the phantom!
You destroy the phantom!
Sif Muna accepts your kill.
Aiming: Quicksilver Bolt
Press: ? - help, Q - select action, (/) - cycle Shift-Dir - straight line, f - Menkaure
Aim: Menkaure (fast, 86% to hit)
The bolt of dispelling energy hits Menkaure!
Menkaure is heavily damaged.
Menkaure's magical effects unravel!
You hear a bark!
Aiming: Quicksilver Bolt
Press: ? - help, Q - select action, (/) - cycle Shift-Dir - straight line, f/p - Menkaure
Aim: Menkaure (heavily damaged, 86% to hit)
The bolt of dispelling energy hits Menkaure!
You destroy Menkaure!
Sif Muna accepts your kill.
Your Armour skill increases to level 6!
Aiming: Quicksilver Bolt
Press: ? - help, Q - select action, (/) - cycle Shift-Dir - straight line, f - scorpion
Aim: a scorpion (almost dead, 71% to hit)
The bolt of dispelling energy hits the hound!
You kill the hound!
Sif Muna accepts your kill.
The bolt of dispelling energy hits the scorpion!
You kill the scorpion!
Sif Muna accepts your kill.
The now-empty wand crumbles to dust.
The centaur shoots an arrow.
The arrow barely misses you.
The centaur shoots an arrow.
The arrow hits you.
* * * LOW HITPOINT WARNING * * *
The centaur shoots an arrow.
The arrow barely misses you.
The centaur shoots an arrow.
You block the arrow.
The centaur shoots an arrow.
The arrow hits you!
You die...

?..u≈...#.M†..# ##...##
[.!h≈=..##.##c# ##.###.##
.$≈≈W≈≈.s..##.###.##
##.## !.$h≈?..#####.##.##
##.# .$..≈...# #h##.# #.#
.......## ###c##.## ##.#
..c.... #...###.## ##.##
......#####.######.###.##
.[..###..@.....# ##...##
##### #####.##.#####.##
#..# #.##.(.....#
########..# #[##########
#.........# #.#
#.#####...#######.#
#.#.....#......##.#
#.#.###...####.##.#
#.#.####.........>#


You could see a centaur.

Vanquished Creatures
  Pikel (D:6)
  An ugly thing (D:6)
  Grinder (D:5)
  The ghost of booth the Chopper, an amateur DsMo (D:4)
  Sigmund (D:5)
  Menkaure (D:6)
  Eustachio (D:6)
  Duvessa (D:5)
  3 black bears
  A centaur (D:6)
  2 phantoms
  A scorpion (D:6)
  Blork the orc (D:6)
  Dowan (D:5)
  4 wights
  A jelly (D:3)
  A gnoll bouda (D:6)
  5 hounds
  2 iguanas (D:5)
  An orc wizard (D:4)
  A scorpion zombie (D:5)
  6 gnolls (D:6)
  8 adders
  A white imp (D:6)
  An ufetubus (D:6)
  An adder zombie (D:5)
  5 worms
  3 dart slugs
  18 orcs
  4 endoplasms
  4 giant cockroaches
  6 goblins
  8 hobgoblins
  5 jackals (D:2)
  9 kobolds
  7 quokkas
  4 ball pythons
  6 bats
  3 frilled lizards
  5 rats
136 creatures vanquished.

Notes
Turn   | Place    | Note
-------+----------+-------------------------------------------
     0 | D:1      | lonewolfV2 the Demonspawn Fighter began the quest for the
                  | Orb.
     0 | D:1      | Reached XP level 1. HP: 18/18 MP: 1/1
    98 | D:1      | Gained mutation: Spells you cast may paralyse adjacent
                  | enemies. [demonic ancestry]
    98 | D:1      | Reached XP level 2. HP: 22/24 MP: 2/2
   264 | D:1      | Reached skill level 1 in Dodging
   866 | D:2      | Gained mutation: You have an unusually large brain. (Int
                  | +2) [demonic ancestry]
   866 | D:2      | Reached XP level 3. HP: 29/29 MP: 3/3
  1316 | D:2      | Reached skill level 2 in Dodging
  1334 | D:2      | Gained mutation: You have a pair of small horns on your
                  | head. [demonic ancestry]
  1334 | D:2      | Reached XP level 4. HP: 10/35 MP: 4/4
  1789 | D:3      | Identified a scroll of acquirement
  1789 | D:3      | Acquired 897 gold pieces
  1823 | D:3      | Found a shimmering altar of Xom.
  2018 | D:3      | Found an iron altar of Okawaru.
  2389 | D:3      | Gained mutation: You have an extremely huge brain. (Int +4)
                  | [demonic ancestry]
  2389 | D:3      | Reached XP level 5. HP: 40/42 MP: 5/5
  2507 | D:3      | Found a shadowy altar of Dithmenos.
  2757 | D:4      | Reached skill level 3 in Dodging
  2909 | D:4      | Noticed a black bear
  2915 | D:4      | Killed a black bear
  2916 | D:4      | Gained mutation: You have an absolutely massive brain. (Int
                  | +6, Wiz) [demonic ancestry]
  2916 | D:4      | Reached XP level 6. HP: 42/48 MP: 6/6
  2952 | D:4      | Reached skill level 4 in Dodging
  2998 | D:4      | Found a hide-covered altar of Uskayaw.
  3619 | D:4      | Found a runed translucent door.
  3624 | D:4      | Noticed booth's ghost (amateur DsMo)
  3646 | D:4      | Found a runed translucent door.
  3715 | D:4      | Reached skill level 1 in Spellcasting
  3715 | D:4      | Gained mutation: You have a pair of horns on your head.
                  | [demonic ancestry]
  3715 | D:4      | Reached XP level 7. HP: 53/55 MP: 6/8
  3764 | D:4      | Found a staircase to the Ecumenical Temple.
  3960 | D:4      | Killed booth's ghost
  4108 | Temple   | Entered the Ecumenical Temple
  4415 | D:5      | Entered Level 5 of the Dungeon
  4633 | Temple   | Became a worshipper of Sif Muna the Loreminder
  4744 | D:5      | Found a basalt altar of Yredelemnul.
  4850 | D:5      | Found a snail-covered altar of Cheibriados.
  4908 | D:5      | Reached skill level 5 in Fighting
  4908 | D:5      | Reached skill level 5 in Dodging
  5591 | D:5      | Noticed Duvessa
  5592 | D:5      | Noticed Dowan
  5599 | D:5      | Killed Dowan
  5609 | D:5      | Killed Duvessa
  5610 | D:5      | Reached XP level 8. HP: 8/62 MP: 12/12
  6185 | D:5      | Noticed Grinder
  6198 | D:5      | Paralysed by Grinder for 2 turns
  6204 | D:5      | Killed Grinder
  6205 | D:5      | Reached skill level 5 in Armour
  6539 | D:5      | Noticed Sigmund
  6556 | D:5      | Killed Sigmund
  6890 | D:6      | Reached skill level 6 in Dodging
  7568 | D:6      | Noticed Pikel
  7598 | D:6      | Killed Pikel
  7599 | D:6      | Reached skill level 5 in Spellcasting
  7599 | D:6      | Gained mutation: Spells you cast may paralyse nearby
                  | enemies. [demonic ancestry]
  7599 | D:6      | Reached XP level 9. HP: 17/69 MP: 14/16
  7997 | D:6      | Noticed Menkaure
  7997 | D:6      | Noticed a purple ugly thing
  8480 | D:6      | Noticed Blork the orc
  8495 | D:6      | Killed Blork the orc
  8925 | D:6      | Noticed Eustachio
  8959 | D:6      | Killed Eustachio
  8960 | D:6      | Reached skill level 7 in Dodging
  9131 | D:6      | Killed a purple ugly thing
  9138 | D:6      | Killed Menkaure
  9143 | D:6      | HP: 2/69 [centaur/arrow (6)]
  9148 | D:6      | Shot with an arrow by a centaur

Illustrated notes

Levels and vault maps discovered:
D:1:      scummos_arrival_checkerplants, layout_loops_ring
D:2:      layout_basic, minmay_pentomino_z4
D:3:      layout_loops_ring, marbit_many_paths, dk_xom_monty_hall,
          lemuel_round_altar
D:4:      layout_basic, mainiacjoe_overflow_surrounded_room,
          lemuel_temple_firewalk_a, ebering_ghost_sewer_f
D:5:      layout_layer_cave, lemuel_zombie_altar_yredelemnul,
          mainiacjoe_overflow_tiny_flanked, nrook_pool_corridor, uniq_grinder,
          uniq_sigmund, uniq_duvessa
D:6:      layout_loops_ring, dreamdust_divine_triumvirate, grunt_potential,
          uniq_blork_the_orc, uniq_pikel, uniq_eustachio, uniq_menkaure
Temple:   nicolae_temple_superstar

Skill      XL: |  1  2  3  4  5  6  7  8  9 |
---------------+----------------------------+-----
Armour         | 3 4 5 6 |  6.0
Dodging        | 1 2 3 4 5 6 7 |  7.2
Fighting       | 4 5 6 |  6.3
Spellcasting   | 1 3 5 |  5.7
Axes           | |  1.7
Shields        | |  2.6

Action                     |  1- 3 |  4- 6 |  7- 9 || total
---------------------------+-------+-------+-------++-------
  Melee: War axe           |   141 |   132 |   219 ||   492
         Headbutt          |       |    14 |    47 ||    61
  Evoke: Wand              |       |       |     5 ||     5
    Use: Scroll            |     2 |     6 |     1 ||     9
         Potion            |       |       |     7 ||     7
 Armour: Scale mail        |    87 |    14 |       ||   101
         Chain mail        |       |    74 |   124 ||   198
  Dodge: Dodged            |    61 |    52 |   152 ||   265
  Block: Buckler           |    30 |    33 |    66 ||   129
